 Dungeon Crawl Stone Soup version 0.29.0-4-gdea44cf6ec (webtiles) character file.

Game seed: 7690392463467141676

24 qw the Chopper (level 3, 0/21 HPs)
             Began as a Tengu Warper on Aug 28, 2022.
             Slain by a gnoll
             ... wielding a +0 spear
              (9 damage)
             ... on level 2 of the Dungeon.
             The game lasted 00:00:06 (1327 turns).

qw the Chopper (Tengu Warper)                       Turns: 1327, Time: 00:00:07

Health: 0/21       AC:  4    Str: 13    XL:     3   Next: 2%
Magic:  7/7        EV: 12    Int: 13    God:
Gold:   48         SH:  0    Dex: 13    Spells: 6/6 levels left

rFire   . . .      SeeInvis .   Y - +0 hand axe
rCold   . . .      Faith    .   (no shield)
rNeg    . . .      Spirit   .   b - +0 leather armour
rPois   .          Reflect  .   (helmet restricted)
rElec   .          Harm     .   (no cloak)
rCorr   .          Rampage  .   e - +0 pair of gloves
Will    .....                   (boots unavailable)
Stlth   +.........              (no amulet)
HPRegen 0.07/turn               (no ring)
MPRegen 0.10/turn               (no ring)

@: no status effects
A: beak, talons 3
a: no special abilities


You were on level 2 of the Dungeon.
You visited 1 branch of the dungeon, and saw 2 of its levels.

You collected 48 gold pieces.


Innate Abilities, Weirdness & Mutations

You have a beak for a mouth.
You have claws for feet.


   Skills:
 - Level 2.0 Fighting
 + Level 3.7 Axes
 - Level 1.0 Throwing
 - Level 1.1 Armour
 - Level 2.1 Dodging
 - Level 2.0 Spellcasting
 - Level 2.4 Translocations


You had 6 spell levels left.
You didn't know any spells.
Your spell library contained the following spells:

 Spells                   Type           Power      Damage    Failure   Level
 Blink                    Tloc           14%        N/A       19%         2
 Gell's Gravitas          Tloc           7%         N/A       36%         3
 Lesser Beckoning         Tloc           7%         N/A       36%         3
 Teleport Other           Tloc           7%         N/A       36%         3
 Manifold Assault         Tloc           7%         N/A       98%         5

Inventory:

Hand Weapons
 j - a +0 mace
 Y - a +0 hand axe (weapon)
Armour
 b - a +0 leather armour (worn)
 e - a +0 pair of gloves (worn)
Jewellery
 f - an amulet of the acrobat
Scrolls
 c - a scroll of amnesia {unknown}
 i - a scroll of identify {unknown}
Potions
 a - a potion of mutation {unknown}
 d - 2 potions of flight {unknown}
 g - a potion of might {unknown}
 h - a potion of curing {unknown}

Dungeon Overview and Level Annotations

Branches:
Dungeon (2/15)

Altars:
Zin


Message History

The goblin wields a +0 sling.
The goblin shoots a sling bullet.
The sling bullet misses you.
You hear a shout! x2
1315 ||| Stepping ~*~*~tactically~*~*~ (hiding).
You start waiting.
A goblin is nearby!
1317 ||| Stepping ~*~*~tactically~*~*~ (hiding).
1318 ||| Stepping ~*~*~tactically~*~*~ (hiding).
The goblin shoots a sling bullet.
The sling bullet misses you. 2 gnolls come into view.
The gnoll shouts! x2
The goblin unwields a +0 sling.
The goblin wields a +0 dagger.
The goblin hits you but does no damage.
The gnoll moves out of view.
You hit the goblin but do no damage. The goblin hits you with a +0 dagger.
You barely miss the gnoll. Your kick misses the gnoll. You hit the goblin.
The goblin hits you with a +0 dagger. The gnoll barely misses you.
You barely miss the goblin. Your kick misses the goblin.
The goblin is severely wounded.
You completely miss the gnoll. The goblin hits you but does no damage.
The gnoll misses you. The goblin hits you with a +0 dagger.
You barely miss the goblin. Your kick misses the goblin. You peck the goblin.
You kill the goblin!
You hit the gnoll. The gnoll misses you.
You have reached level 3!
Your experience leads to an increase in your attributes!
Increase (S)trength, (I)ntelligence, or (D)exterity?
You feel stronger. x2
You hit the gnoll but do no damage.
The gnoll is moderately wounded.
The gnoll barely misses you.
The gnoll hits you from afar with a +0 spear.
You hit the gnoll.
The gnoll is heavily wounded.
You hit the gnoll. The gnoll completely misses you. The gnoll misses you.
The gnoll hits you from afar with a +0 spear!
You die...

............).......
####......#.########
...#...####.#
.#.#.....##.#
.........##.#
.#.#.._..##%#
............#
##.#.....############.##
#.##...........@g......
#.##.###########g....##
##.##.# g...... ##.##.#
$....## .#.##.# .....#
......# .....# ......#
#...## #.....### ...#
#........


You could see 3 gnolls.

Vanquished Creatures
  3 ball pythons (D:1)
  A bat (D:1)
  3 endoplasms
  5 goblins
  A hobgoblin (D:2)
  4 kobolds
  2 frilled lizards
  2 rats
21 creatures vanquished.

Notes
Turn   | Place    | Note
-------+----------+-------------------------------------------
     0 | D:1      | qw the Tengu Warper began the quest for the Orb.
     0 | D:1      | Reached XP level 1. HP: 12/12 MP: 4/4
     0 | D:1      | 0 ||| qw: Version: 0.1-a-89-g26bdef1
     0 | D:1      | 0 ||| qw: Game counter: 1905
     0 | D:1      | 0 ||| qw: Always use a shield: true
     0 | D:1      | 0 ||| qw: God list: Okawaru
     0 | D:1      | 0 ||| qw: Allow faded altars: false
     0 | D:1      | 0 ||| qw: Do Orc after D:15 true
     0 | D:1      | 0 ||| qw: Do second Lair branch before Depths: true
     0 | D:1      | 0 ||| qw: Lair rune preference: random
     0 | D:1      | 0 ||| qw: Plans: Normal
     0 | D:1      | 0 ||| PLANNING D:1-11
   332 | D:1      | Reached XP level 2. HP: 16/16 MP: 6/6
   465 | D:1      | Found a faded altar of an unknown god.
   477 | D:1      | Reached skill level 3 in Axes
   482 | D:1      | 482 ||| Stepping ~*~*~tactically~*~*~ (stealth).
   656 | D:1      | 656 ||| UPGRADING to +0 pair of gloves.
   661 | D:1      | 661 ||| DROPPING scarf of shadows.
   662 | D:1      | 662 ||| READING 2 scrolls labelled XIWNIC GEPHELA.
   663 | D:1      | 663 ||| READING scroll labelled IGOD LINUE.
   664 | D:1      | 664 ||| READING scroll labelled XIUCWE FENKAL.
   665 | D:1      | 665 ||| DROPPING scroll of butterflies.
   666 | D:1      | 666 ||| DROPPING scroll of blinking.
  1142 | D:2      | Found a glowing silver altar of Zin.
  1315 | D:2      | 1315 ||| Stepping ~*~*~tactically~*~*~ (hiding).
  1317 | D:2      | 1317 ||| Stepping ~*~*~tactically~*~*~ (hiding).
  1318 | D:2      | 1318 ||| Stepping ~*~*~tactically~*~*~ (hiding).
  1326 | D:2      | Reached XP level 3. HP: 13/21 MP: 7/7
  1327 | D:2      | Slain by a gnoll

Levels and vault maps discovered:
D:1:      psy_arrival_radial01, layout_basic, nicolae_ecumenical_snake_handling
D:2:      layout_basic, basic_altar

Skill      XL: |  1  2 |
---------------+-------+-----
Axes           | 3 |  3.7
Fighting       | |  2.0
Throwing       | |  1.0
Armour         | |  1.1
Dodging        | |  2.1
Spellcasting   | |  2.0
Translocations | |  2.4

Action                   || total
-------------------------++-------
Melee: Hand axe          ||    49
       Kick              ||     7
       Peck              ||     4
       Punch             ||     1
Throw: Boomerang         ||     7
  Use: Scroll            ||     3
Armor: Leather armour    ||    11
Dodge: Dodged            ||    21

Table legend:
 A = Non-vault XP
 B = Vault XP
 C = Vault XP percentage of total XP
 D = Non-vault monster count
 E = Vault monster count
 F = Vault count percentage of total count
                 A         B        C        D         E       F
            +---------+---------+-------+---------+---------+-------
      Total |      32 |       3 |   8.6 |      19 |       2 |   9.5
            +---------+---------+-------+---------+---------+-------
        D:1 |      17 |       3 |  15.0 |      10 |       2 |  16.7
        D:2 |      15 |       0 |   0.0 |       9 |       0 |   0.0
            +---------+---------+-------+---------+---------+-------
